 Dungeon Crawl Stone Soup version 0.27-a0-1528-g90fbb72469 (webtiles) character file.

Game seed: 12136645193511829835

3821 2tc the Transmogrifier (level 9, -1/90 HPs)
             Began as a Troll Transmuter on July 11, 2021.
             Was an Elder of Qazlal.
             Slain by a harpy zombie (12 damage)
             ... on level 9 of the Dungeon.
             The game lasted 00:17:59 (7650 turns).

2tc the Transmogrifier (Troll Transmuter)           Turns: 7650, Time: 00:17:59

Health: -1/90      AC:  6    Str: 20    XL:     9   Next: 97%
Magic:  15/18      EV:  9    Int: 12    God:    Qazlal [****..]
Gold:   323        SH:  5    Dex: 10    Spells: 3/10 levels left

rFire    x . .     SeeInvis .     - Unarmed
rCold    + + +     Faith    .   (shield currently unavailable)
rNeg     . . .     Spirit   .   (armour currently unavailable)
rPois    +         Reflect  .   (helmet currently unavailable)
rElec    .         Harm     .   (cloak currently unavailable)
rCorr    .         Rampage  .   (gloves unavailable)
Will     .....                  (boots unavailable)
Stlth    +.........             (no amulet)
HPRegen  1.25/turn              t - ring of magical power
MPRegen  0.16/turn              (no ring)

@: mighty, ice-form, wereblooded, repel missiles
A: freezing attack, amphibious, boosted hp, large, unfitting armour, (claws 3),
regeneration 1, (shaggy fur 1), (tough skin 1)
a: End Transformation, Renounce Religion, Upheaval, Elemental Force


You were on level 9 of the Dungeon.
You worshipped Qazlal.
Qazlal was greatly pleased with you.
You were a creature of crystalline ice.
You visited 2 branches of the dungeon, and saw 10 of its levels.
You also visited: Bailey.

You collected 323 gold pieces.

Inventory:

Armour
 n - a +2 robe of willpower (melded)
 q - a +0 kite shield
 s - a +0 tower shield of reflection
Jewellery
 t - a ring of magical power (left front paw)
Wands
 a - a wand of iceblast (7)
 m - a wand of flame (8)
 p - a wand of acid (7)
Scrolls
 g - 3 scrolls of amnesia
 h - 2 scrolls of enchant weapon
 i - a scroll of teleportation
Potions
 b - a potion of haste
 c - 4 potions of curing
 d - a potion of brilliance
 e - a potion of flight
 f - a potion of might
 k - a potion of ambrosia
 l - 2 potions of magic
 o - a potion of lignification {unknown}
 r - 2 potions of degeneration {unknown}


   Skills:
 - Level 0.7 Fighting
 - Level 1.5 Dodging
 - Level 8.0 Unarmed Combat
 - Level 1.2 Spellcasting
 + Level 8.7 Transmutations
 - Level 4.0 Ice Magic


You had 3 spell levels left.
You knew the following spells:

 Your Spells              Type           Power      Damage    Failure   Level
a - Beastly Appendage     Tmut           42%        N/A       1%          1
b - Wereblood             Tmut           21%        N/A       1%          2
c - Ice Form              Ice/Tmut       15%        N/A       22%         4

Your spell library contained the following spells:

 Spells                   Type           Power      Damage    Failure   Level
 Freeze                   Ice            40%        1d6       6%          1
 Spider Form              Tmut/Pois      5%         N/A       16%         3
 Frozen Ramparts          Ice            20%        1d4       17%         3
 Ozocubu's Armour         Ice            10%        N/A       17%         3
 Magic Dart               Conj           0%         1d3       30%         1
 Call Imp                 Summ           0%         N/A       41%         2
 Static Discharge         Conj/Air       0%         N/A       41%         2
 Mephitic Cloud           Conj/Pois/Air  0%         N/A       65%         3
 Hailstorm                Conj/Ice       5%         3d4       78%         4
 Metabolic Englaciation   Hex/Ice        2%         N/A       98%         5
 Lightning Bolt           Conj/Air       0%         1d11      100%        5
 Simulacrum               Ice/Necr       2%         N/A       100%        6
 Maxwell's Capacitive Co  Air            0%         ∞         100%        8


Dungeon Overview and Level Annotations

Branches:
Dungeon (9/15)             Temple (1/1) D:5            Lair (0/6) D:8
 Bailey (visited)
    Orc: D:9-12

Altars:
Ashenzari
Cheibriados
Dithmenos
Elyvilon
Fedhas
Gozag
Hepliaklqana
Kikubaaqudgha
Makhleb
Nemelex Xobeh
Okawaru
Qazlal
Sif Muna
Trog
Uskayaw
Vehumet
Wu Jian
Xom
Zin
The Shining One

Shops:
D:1 [   D:4 (   D:5 [

Annotations:
D:6 3 runed translucent doors, kuniqs's ghost, novice DgGl


Innate Abilities, Weirdness & Mutations

You are a creature of crystalline ice.
You have a powerful freezing melee attack.
You are amphibious.
Your maximum health is increased.
Your armour is entirely melded.
You are incapable of wielding weapons or throwing items.
You are too large for most types of armour.
((You have claws for hands.))
Your natural rate of healing is unusually fast.
((You are covered in fur. (AC +1)))
((You have tough skin. (AC +1)))


Message History

The centaur warrior skeleton hits you but does no damage.
The centaur warrior skeleton kicks you but does no damage.
You punch the shadow imp!
The shadow imp is severely wounded.
You howl as the wereblood boils in your veins!
The hellwing hits you. The hellwing barely misses you.
The centaur warrior skeleton hits you but does no damage.
The centaur warrior skeleton completely misses you.
The shadow imp hits you.
You punch the shadow imp!
You feel a bit better.
You kill the shadow imp!
Qazlal accepts your kill. The hellwing hits you!
The hellwing barely misses you.
The centaur warrior skeleton completely misses you.
The centaur warrior skeleton kicks you.
* * * LOW HITPOINT WARNING * * *
The harpy zombie claws you.
* * * LOW HITPOINT WARNING * * *
The harpy zombie barely misses you.
A shadow imp comes into view.
You hit the hellwing but do no damage.
The hellwing is moderately wounded.
You block the harpy zombie's attack. x2
The centaur warrior skeleton barely misses you.
The centaur warrior skeleton kicks you but does no damage.
The hellwing hits you but does no damage.
The hellwing misses you.
The harpy zombie claws you but does no damage.
The harpy zombie claws you.
* * * LOW HITPOINT WARNING * * *
A howler monkey comes into view.
You feel very mighty all of a sudden. The harpy zombie claws you!
* * * LOW HITPOINT WARNING * * *
The harpy zombie claws you.
* * * LOW HITPOINT WARNING * * *
The centaur warrior skeleton closely misses you.
The centaur warrior skeleton barely misses you.
The harpy zombie claws you!
You die...

#.)##.. .# ##..##.. ###.. .
####.)##### #...# ...
#....)..#.# #.#.#
.....#.........+ #.#.#
......Z.ZZ.....######...######
..Z8.########.................
...8 #Z#...#..#....#... .
#Y#...#..#........
#Z4Z..<...........
.5Z§.....##########
.h........# ########..# #..+
...# #####


You could see a hellwing, a howler monkey, a shadow imp, a harpy zombie, a
centaur warrior zombie and 2 centaur warrior skeletons.

Vanquished Creatures
  Joseph (D:8)
  A gargoyle (D:6)
  A wyvern (D:8)
  2 water moccasins
  2 sky beasts
  5 ice beasts
  A black bear (D:8)
  2 ogres
  A necrophage (D:6)
  3 centaurs
  2 kobold brigands
  3 bullfrogs
  A gnoll sergeant (D:7)
  A scorpion (D:4)
  2 water moccasin skeletons (D:6)
  3 howler monkeys
  6 hounds
  2 bullfrog zombies
  2 centaur zombies (D:8)
  4 orc priests
  A jelly (D:6)
  6 iguanas
  A scorpion zombie (D:5)
  4 orc wizards
  A killer bee zombie (D:8)
  8 adders
  3 shadow imps (D:9)
  A white imp (D:6)
  An ufetubus (D:4)
  4 worms
  2 dart slugs
  22 orcs
  5 bats
  9 endoplasms
  A giant cockroach (D:1)
  15 goblins
  11 hobgoblins
  8 jackals
  2 quokkas (D:2)
  4 ball pythons
  3 frilled lizards
  A jackal skeleton (D:4)
  16 kobolds
  3 rats
177 creatures vanquished.

Vanquished Creatures (others)
  8 withered plants (D:9)
8 creatures vanquished.

Grand Total: 185 creatures vanquished

Notes
Turn   | Place    | Note
-------+----------+-------------------------------------------
     0 | D:1      | 2tc the Troll Transmuter began the quest for the Orb.
     0 | D:1      | Reached XP level 1. HP: 18/18 MP: 1/1
     6 | D:1      | You fall into a shaft and drop 1 floor!
    14 | D:2      | Reached XP level 2. HP: 25/26 MP: 0/2
    78 | D:2      | Reached XP level 3. HP: 32/32 MP: 3/3
   637 | D:1      | Reached XP level 4. HP: 40/40 MP: 4/4
   649 | D:1      | Reached skill level 5 in Unarmed Combat
   669 | D:1      | Learned a level 2 spell: Wereblood
   722 | D:1      | Found Achang's Armour Shop.
  1212 | D:2      | Found a faded altar of an unknown god.
  1224 | D:2      | Became a worshipper of Qazlal Stormbringer
  1224 | D:2      | Reached * piety under Qazlal
  1470 | D:3      | Found a blossoming altar of Fedhas.
  1589 | D:3      | Found a shimmering altar of Xom.
  1880 | D:3      | Found a shimmering blue altar of Sif Muna.
  2092 | D:3      | Found a burning altar of Makhleb.
  2257 | D:4      | Reached XP level 5. HP: 43/46 MP: 3/5
  2353 | D:4      | Found Duamuimn's Antique Weapon Shop.
  2625 | D:4      | Reached XP level 6. HP: 54/54 MP: 4/6
  3103 | D:4      | Reached ** piety under Qazlal
  3227 | D:4      | Learned a level 4 spell: Ice Form
  3268 | D:5      | Entered Level 5 of the Dungeon
  3437 | D:5      | Found Soxukkev's Armour Emporium.
  3485 | D:5      | Reached XP level 7. HP: 61/61 MP: 7/7
  3523 | D:5      | Identified the +0 helmet "Ziukka" {SInv}
  3561 | D:5      | Found a staircase to the Ecumenical Temple.
  3569 | Temple   | Entered the Ecumenical Temple
  3761 | D:5      | You fall into a shaft and drop 2 floors!
  4067 | D:7      | Found a flagged portal.
  4074 | Bailey   | Entered a bailey
  4243 | D:6      | Reached skill level 1 in Ice Magic
  4243 | D:6      | Reached XP level 8. HP: 68/68 MP: 8/8
  4269 | D:6      | Found an ornate altar of the Wu Jian Council.
  4488 | D:5      | Reached skill level 5 in Transmutations
  5162 | D:6      | Found a runed translucent gate.
  5166 | D:6      | Found a runed translucent gate.
  5166 | D:6      | Noticed kuniqs's ghost (novice DgGl)
  5168 | D:6      | Found a runed translucent gate.
  5317 | D:6      | Noticed a gargoyle
  5337 | D:6      | Killed a gargoyle
  5338 | D:6      | Reached XP level 9. HP: 69/75 MP: 4/9
  5399 | D:6      | Reached *** piety under Qazlal
  6496 | D:7      | Found a faded altar of an unknown god.
  6497 | D:7      | Found a hazy altar of Hepliaklqana.
  6696 | D:8      | Found a white marble altar of Elyvilon.
  6892 | D:8      | Noticed Joseph
  6904 | D:8      | Killed Joseph
  6952 | D:8      | Found a staircase to the Lair.
  6981 | D:8      | Found a glowing silver altar of Zin.
  7142 | D:8      | Found a broken altar of Ashenzari.
  7200 | D:8      | Found a stormy altar of Qazlal.
  7634 | D:9      | Noticed a hellwing
  7635 | D:9      | Reached **** piety under Qazlal
  7650 | D:9      | Slain by a harpy zombie

Illustrated notes

Levels and vault maps discovered:
D:1:      matt_arrival_los_fun, layout_basic, serial_shops, shop_statue,
          dk_noncrumbling_2
D:2:      layout_rooms, shapermc_ecumenical_altar_pompeii
D:3:      layout_loops_ring, led_sif_pool, lightli_temple_of_fire,
          mainiacjoe_overflow_six_doors_small, fedhas_altar_1, grunt_decor_cap
D:4:      layout_basic, serial_shops, nicolae_take_the_stairs
D:5:      layout_loops_ring, minmay_temple_entry_statues, serial_shops,
          nicolae_shop_waterfront
D:6:      minmay_chambers_of_fours, layout_loops_ring, lemuel_tele_altar,
          ebering_ghost_rock_garden, chequers_arboretum, nrook_mini_backslash
D:7:      layout_basic, beargit_hepliaklqana_dungeon_heroes, enter_bailey_3
D:8:      layout_rooms, mainiacjoe_overflow_catwalk,
          mainiacjoe_overflow_24_doors, mainiacjoe_overflow_catch_the_wave,
          dpeg_oklobed_lair, minmay_misc_feat_cross, uniq_joseph
D:9:      cheibrodos_grave_circle, layout_stronghold,
          mainiacjoe_overflow_surrounded_room,
          lemuel_mausoleum_altar_yredelemnul, lightli_orcish_oven
Temple:   zaba_magenta_temple

Skill      XL: |  1  2  3  4  5  6  7  8  9 |
---------------+----------------------------+-----
Unarmed Combat | 4 5 6 8 |  8.0
Transmutations | 2 4 6 8 |  8.7
Ice Magic      | 1 2 4 |  4.0
Fighting       | |  0.7
Dodging        | |  1.5
Spellcasting   | |  1.2

Action                   |  1- 3 |  4- 6 |  7- 9 || total
-------------------------+-------+-------+-------++-------
Melee: Unarmed           |   102 |   149 |   282 ||   533
       Kick              |     1 |     5 |    21 ||    27
       Punch             |     2 |     4 |     4 ||    10
       Headbutt          |       |     5 |    11 ||    16
 Cast: Beastly Appendage |     1 |     5 |    20 ||    26
       Wereblood         |       |       |     8 ||     8
       Ice Form          |       |       |     6 ||     6
Evoke: Wand              |       |       |    18 ||    18
  Use: Scroll            |     2 |     3 |     9 ||    14
       Potion            |       |       |     4 ||     4
Armor: Robe              |    28 |    38 |    48 ||   114
       Skin              |       |       |    20 ||    20
Dodge: Dodged            |    40 |    61 |   107 ||   208
Block: Other             |       |     6 |    44 ||    50

Table legend: (Time is in decaauts)
 A = Elapsed time spent in this place.
 B = Non-inter-level travel time spent in this place.
 C = Inter-level travel time spent in this place.
 D = Time resting spent in this place.
 E = Time spent auto-exploring this place.
 F = Levels seen in this place.
 G = Mean time per level.
                   A        B        C        D        E       F      G
               +--------+--------+--------+--------+--------+-----+--------+
         Total |   7585 |   7266 |    319 |      2 |   6006 |  11 |  689.5 |
       Dungeon |   7493 |   7193 |    300 |      2 |   5952 |   9 |  832.6 |
        Temple |     73 |     54 |     19 |      0 |     54 |   1 |   73.0 |
        Bailey |     17 |     17 |      0 |      0 |      0 |   1 |   17.0 |
               +--------+--------+--------+--------+--------+-----+--------+

Top non-repeatable levels by time:
     D:7: 1375 daAuts
     D:6: 1048 daAuts
     D:4: 1009 daAuts
     D:8: 954 daAuts
     D:1: 884 daAuts
     D:3: 800 daAuts
     D:5: 773 daAuts
     D:2: 550 daAuts
     D:9: 95 daAuts
  Temple: 73 daAuts
  Bailey: 17 daAuts
